 Dungeon Crawl Stone Soup version 0.27.1 (webtiles) character file.

Game seed: 16228222425846506079

10540 pkoi the Grappler (level 11, -2/94 HPs)
             Began as a Troll Monk on Aug 24, 2021.
             Was a High Priest of Okawaru.
             Slain by a blink frog (14 damage)
             ... on level 1 of the Lair of Beasts.
             The game lasted 00:10:56 (6851 turns).

pkoi the Grappler (Troll Monk)                      Turns: 6851, Time: 00:10:57

Health: -2/94      AC:  9    Str: 30    XL:     11   Next: 37%
Magic:  8/15       EV: 14    Int:  6    God:    Okawaru [*****.]
Gold:   506        SH:  0    Dex: 12    Spells: 10/10 levels left

rFire    . . .     SeeInvis .     - Unarmed
rCold    . . .     Faith    .   (no shield)
rNeg     . . .     Spirit   .   t - +0 steam dragon scales
rPois    .         Reflect  .   (helmet restricted)
rElec    .         Harm     .   m - +0 cloak
rCorr    .         Rampage  .   (gloves unavailable)
Will     +....                  (boots unavailable)
Stlth    +++.......             (no amulet)
HPRegen  1.25/turn              o - ring of willpower
MPRegen  0.14/turn              F - +6 ring of strength

@: heroic, finesse-ful
A: large, unfitting armour, claws 3, regeneration 1, shaggy fur 1, tough skin 1
a: Renounce Religion, Heroism, Finesse


You were on level 1 of the Lair of Beasts.
You worshipped Okawaru.
Okawaru was extremely pleased with you.
You visited 3 branches of the dungeon, and saw 12 of its levels.

You collected 506 gold pieces.

Inventory:

Missiles
 h - 26 poisoned darts
 A - 10 large rocks (quivered)
 G - 2 throwing nets
Armour
 a - a +1 robe
 m - a +0 cloak (worn)
 t - +0 steam dragon scales (worn)
Jewellery
 o - a ring of willpower (left claw)
 x - a ring of fire
 F - a +6 ring of strength (right claw)
Wands
 j - a wand of iceblast (26)
 q - a wand of charming (13)
 s - a wand of paralysis (1)
 z - a wand of mindburst (15)
 C - a wand of digging (5)
 D - a wand of flame (7)
Scrolls
 e - 2 scrolls of identify
 f - a scroll of fear
 g - 3 scrolls of teleportation
 n - 4 scrolls of blinking
 w - 3 scrolls of enchant armour
 E - a scroll of magic mapping
Potions
 b - 4 potions of haste
 c - 2 potions of lignification
 d - 3 potions of mutation
 i - 6 potions of curing
 k - a potion of might
 l - a potion of invisibility
 p - 2 potions of attraction
 r - a potion of brilliance
 u - a potion of berserk rage
 v - a potion of cancellation
 B - a potion of heal wounds


   Skills:
 - Level 2.4(7.4) Fighting
 + Level 6.6(11.6) Throwing
 + Level 7.2(12.2) Dodging
 - Level 1.0(6.0) Stealth
 * Level 12.4(17.4) Unarmed Combat
 + Level 6.6 Invocations


You had 10 spell levels left.
You didn't know any spells.
Your spell library contained the following spells:

 Spells                   Type           Power      Damage    Failure   Level
 Magic Dart               Conj           0%         1d3       45%         1
 Searing Ray              Conj           0%         3d3       58%         2
 Ignite Poison            Fire/Tmut/Pois 0%         N/A       83%         3
 Inner Flame              Hex/Fire       0%         N/A       83%         3
 Mephitic Cloud           Conj/Pois/Air  0%         N/A       83%         3
 Ozocubu's Armour         Ice            0%         N/A       83%         3
 Cause Fear               Hex            0%         N/A       99%         4
 Fulminant Prism          Conj/Hex       0%         3d6       99%         4
 Bolt of Magma            Conj/Fire/Erth 0%         4d4       100%        5
 Ozocubu's Refrigeration  Ice            0%         4d5       100%        7
 Discord                  Hex            0%         N/A       100%        8
 Chain Lightning          Conj/Air       0%         N/A       100%        9
 Fire Storm               Conj/Fire      0%         5d1       100%        9


Dungeon Overview and Level Annotations

Branches:
Dungeon (10/15)            Temple (1/1) D:5            Lair (1/6) D:8
    Orc: D:9-12

Altars:
Ashenzari
Cheibriados
Dithmenos
Elyvilon
Fedhas
Gozag
Hepliaklqana
Kikubaaqudgha
Makhleb
Okawaru
Qazlal
Ru
Sif Muna
Trog
Vehumet
Wu Jian
Xom
Yredelemnul
Zin
The Shining One

Shops:
D:3 (*


Innate Abilities, Weirdness & Mutations

You are too large for most types of armour.
You have claws for hands.
Your natural rate of healing is unusually fast.
You are covered in fur. (AC +1)
You have tough skin. (AC +1)


Message History

The nine-headed hydra bites you!
* * * LOW HITPOINT WARNING * * *
The nine-headed hydra bites you but does no damage.
The nine-headed hydra bites you!
* * * LOW HITPOINT WARNING * * *
The nine-headed hydra bites you but does no damage. x2
The nine-headed hydra bites you!
* * * LOW HITPOINT WARNING * * *
You rip one of the nine-headed hydra's heads off!
The eight-headed hydra grows two more!
You mangle the ten-headed hydra!!
The ten-headed hydra is almost dead.
Unknown command.
You claw one of the ten-headed hydra's heads off!
The nine-headed hydra grows two more!
You claw the 11-headed hydra!
You kill the 11-headed hydra!
Okawaru is honoured by your kill. The basilisk gazes at you.
You resist with almost no effort.
A blink frog comes into view.
You scratch the basilisk but do no damage.
You barely miss the basilisk.
Unknown command.
You claw the basilisk! You claw the basilisk.
The basilisk is heavily wounded.
The basilisk bites you!
* * * LOW HITPOINT WARNING * * *
The blink frog closely misses you.
Unknown command.
You eviscerate the basilisk!!!
You kill the basilisk!
Okawaru accepts your kill. Okawaru grants you ammunition!
Something appears at your feet!
A blink frog comes into view.
The blink frog hits you but does no damage.
The blink frog blinks!
The blink frog hits you.
* * * LOW HITPOINT WARNING * * *
The blink frog blinks!
The blink frog hits you!
You die...

....$.......P#
.###..(#.##....#
......F†......#####
.......(...........
...................
...................
..............F....
.........§F........
...........@##+#.##
..######....# .#
#....# ......P
...#......
.........#
...#....## ..#....P


You could see 3 blink frogs.

Vanquished Creatures
  A hydra (Lair:1)
  5 two-headed ogres
  Maggie (D:6)
  A komodo dragon (D:8)
  A troll (D:8)
  A centaur simulacrum (D:9)
  2 wyverns
  11 yaks
  Grum (D:10)
  A basilisk (Lair:1)
  2 steam dragons
  Eustachio (D:3)
  An acid dragon (D:9)
  2 water moccasins
  A sky beast (D:7)
  An ice beast (D:6)
  2 black bears (D:6)
  2 wolves (D:10)
  A necrophage (D:6)
  4 ogres
  4 centaurs
  3 bullfrogs
  A scorpion (D:5)
  A water moccasin zombie (D:5)
  A wyvern skeleton (D:6)
  A killer bee (D:10)
  6 wights (D:9)
  3 howler monkeys (D:10)
  A bullfrog zombie (D:6)
  3 hounds
  2 centaur zombies
  Crazy Yiuf (D:5)
  2 orc priests
  2 bullfrog skeletons (D:4)
  A jelly (D:8)
  Jessica (D:2)
  3 gnoll shamans
  2 iguanas
  Ijyb (D:5)
  3 orc wizards
  A killer bee zombie (D:9)
  A hound skeleton (D:4)
  A howler monkey zombie (D:9)
  11 gnolls
  5 adders
  A worm (D:3)
  2 dart slugs
  17 orcs
  7 ball pythons
  2 bats
  6 endoplasms
  6 giant cockroaches
  6 goblins
  8 hobgoblins
  7 jackals
  4 quokkas
  A frilled lizard (D:1)
  9 kobolds
  2 quokka skeletons (D:4)
  2 rats
183 creatures vanquished.

Vanquished Creatures (others)
  A fungus (D:9)
  4 plants
5 creatures vanquished.

Grand Total: 188 creatures vanquished

Notes
Turn   | Place    | Note
-------+----------+-------------------------------------------
     0 | D:1      | pkoi the Troll Monk began the quest for the Orb.
     0 | D:1      | Reached XP level 1. HP: 22/22 MP: 0/0
   215 | D:1      | Reached XP level 2. HP: 29/29 MP: 1/1
   850 | D:2      | Reached skill level 4 in Unarmed Combat
   871 | D:2      | Noticed Jessica
   879 | D:2      | Killed Jessica
   880 | D:2      | Reached XP level 3. HP: 25/36 MP: 2/2
  1021 | D:2      | Reached XP level 4. HP: 44/44 MP: 3/3
  1155 | D:2      | Reached skill level 5 in Unarmed Combat
  1169 | D:2      | Found a faded altar of an unknown god.
  1476 | D:3      | Found Fiad's Antique Weapon Emporium.
  1696 | D:3      | Found a shimmering blue altar of Sif Muna.
  1708 | D:3      | Found an opulent altar of Gozag.
  1713 | D:3      | Found Gozag's Platinum Reserve.
  1767 | D:4      | Reached XP level 5. HP: 44/50 MP: 4/4
  1803 | D:4      | Noticed Eustachio
  1849 | D:4      | Reached skill level 6 in Unarmed Combat
  2058 | D:3      | Killed Eustachio
  2059 | D:3      | Reached XP level 6. HP: 21/59 MP: 5/5
  2144 | D:4      | Reached skill level 7 in Unarmed Combat
  2326 | D:5      | Entered Level 5 of the Dungeon
  2326 | D:5      | Found a shimmering altar of Xom.
  2379 | D:5      | Found a staircase to the Ecumenical Temple.
  2386 | Temple   | Entered the Ecumenical Temple
  2521 | Temple   | Became a worshipper of Warmaster Okawaru
  2521 | Temple   | Reached * piety under Okawaru
  2521 | Temple   | Reached ** piety under Okawaru
  2625 | D:5      | Reached XP level 7. HP: 66/66 MP: 6/6
  2729 | D:5      | Found a runed translucent door.
  2730 | D:5      | Noticed Crazy Yiuf
  3045 | D:5      | Identified the +4 short sword of Hacking and Slashing
                  | {elec, Int+5}
  3045 | D:5      | Noticed Ijyb
  3170 | D:5      | Killed Ijyb
  3171 | D:5      | Reached skill level 1 in Invocations
  3280 | D:5      | Identified the +6 spear of Ascent {holy, rElec rPois Will-}
  3297 | D:5      | Reached skill level 1 in Throwing
  3606 | D:5      | Killed Crazy Yiuf
  3754 | D:6      | Reached skill level 8 in Unarmed Combat
  3826 | D:6      | Reached XP level 8. HP: 64/74 MP: 8/8
  3922 | D:6      | Reached *** piety under Okawaru
  4125 | D:6      | Noticed Maggie
  4129 | D:6      | Paralysed by Maggie for 5 turns
  4142 | D:6      | Killed Maggie
  4143 | D:6      | Reached skill level 9 in Unarmed Combat
  4313 | D:6      | Reached XP level 9. HP: 78/80 MP: 10/10
  4313 | D:6      | Found an ornate altar of the Wu Jian Council.
  4313 | D:6      | Found a snail-covered altar of Cheibriados.
  4314 | D:6      | Found a white marble altar of Elyvilon.
  4352 | D:6      | Reached skill level 5 in Dodging
  4869 | D:7      | Found a broken altar of Ashenzari.
  4885 | D:7      | Reached **** piety under Okawaru
  5052 | D:7      | Received a gift from Okawaru
  5253 | D:8      | Noticed a two-headed ogre
  5266 | D:8      | Killed a two-headed ogre
  5267 | D:8      | Reached skill level 10 in Unarmed Combat
  5357 | D:8      | Reached XP level 10. HP: 71/88 MP: 9/12
  5403 | D:8      | Reached ***** piety under Okawaru
  5404 | D:8      | Reached skill level 5 in Throwing
  5404 | D:8      | Reached skill level 5 in Invocations
  5423 | D:8      | Found a radiant altar of Vehumet.
  5425 | D:8      | Found a glowing golden altar of the Shining One.
  5438 | D:8      | Noticed a two-headed ogre
  5447 | D:8      | Killed a two-headed ogre
  5447 | D:8      | Received a gift from Okawaru
  5447 | D:8      | Identified the +7 dire flail "Gram" {pain, rN++ MP+9}
                  | (Okawaru gifted it to you on level 8 of the Dungeon)
  5447 | D:8      | Received a gift from Okawaru
  5448 | D:8      | Reached skill level 11 in Unarmed Combat
  5530 | D:8      | Found a staircase to the Lair.
  6028 | D:9      | Noticed a two-headed ogre
  6040 | D:9      | Killed a two-headed ogre
  6090 | D:9      | Found a shadowy altar of Dithmenos.
  6336 | D:9      | Identified the +4 whip "Ytiudam" {vorpal, rPois Will-
                  | Dex+4}
  6336 | D:9      | Noticed a two-headed ogre
  6346 | D:9      | Killed a two-headed ogre
  6347 | D:9      | Reached XP level 11. HP: 69/94 MP: 11/14
  6564 | D:10     | Entered Level 10 of the Dungeon
  6588 | D:10     | Reached skill level 12 in Unarmed Combat
  6600 | D:10     | Received a gift from Okawaru
  6676 | D:10     | Noticed Grum
  6685 | D:10     | Killed Grum
  6685 | D:10     | Received a gift from Okawaru
  6705 | D:10     | Noticed a two-headed ogre
  6710 | D:10     | Killed a two-headed ogre
  6826 | Lair:1   | Entered Level 1 of the Lair of Beasts
  6831 | Lair:1   | Noticed a six-headed hydra
  6842 | Lair:1   | Killed an 11-headed hydra
  6846 | Lair:1   | Received a gift from Okawaru
  6851 | Lair:1   | Slain by a blink frog

Illustrated notes

Levels and vault maps discovered:
D:1:      dpeg_arrival_pits, layout_basic, chequers_arboretum,
          patterned_corridor
D:2:      layout_rooms, shapermc_ecumenical_altar_pompeii, uniq_jessica
D:3:      layout_rooms, led_sif_book, nicolae_gozag_zags_fifth_avenue,
          serial_shops, nicolae_diamond_shop
D:4:      layout_gridville, uniq_eustachio
D:5:      layout_cave_pods, xom_teletrap_fun, minmay_temple_entry_junction_2,
          nicolae_underground_beach, uniq_crazy_yiuf_cottage, uniq_ijyb
D:6:      layout_cave_pods, gammafunk_temple_overflow_claw, amethyst_killhole,
          uniq_maggie
D:7:      layout_basic, ashenzari_conservatory_becter
D:8:      layout_basic, mainiacjoe_overflow_catwalk_spiral, david_lair_shrubbed,
          grunt_decor_arrowhead, chequers_mini_garden
D:9:      layout_rooms, mainiacjoe_overflow_boulevard, grunt_ogre_cave
D:10:     layout_rooms, dancing_weapons_uskayaw, nemelex_spade_bored_becter,
          enter_trove_1, kennysheep_generic_room_4, uniq_grum
Temple:   compressed_dpeg_circular_temple
Lair:1:   lemuel_ratsnest, layout_regular_city, kennysheep_snail_temple,
          grunt_megastairs_5

Skill      XL: |  1  2  3  4  5  6  7  8  9 10 11 |
---------------+----------------------------------+-----
Unarmed Combat | 4 5 6 7 8 9 10 11 12 | 12.4
Dodging        | 3 4 5 6 7 |  7.2
Invocations    | 2 3 4 6 |  6.6
Throwing       | 1 3 4 6 |  6.6
Fighting       | |  2.4
Stealth        | |  1.0

Action                   |  1- 3 |  4- 6 |  7- 9 | 10-12 || total
-------------------------+-------+-------+-------+-------++-------
Melee: Unarmed           |    60 |   145 |   164 |   155 ||   524
       Punch             |     1 |     1 |     7 |    12 ||    21
Throw: Dart              |       |       |     4 |       ||     4
       Javelin           |       |       |     1 |       ||     1
       Large rock        |       |       |       |     3 ||     3
Invok: Heroism           |       |       |     3 |     8 ||    11
       Finesse           |       |       |       |     1 ||     1
  Use: Scroll            |       |     9 |     2 |     8 ||    19
       Potion            |       |       |     1 |       ||     1
 Stab: Sleeping          |     3 |     3 |       |       ||     6
Armor: Robe              |    17 |    37 |    27 |       ||    81
       Steam dragon scal |       |       |    23 |    33 ||    56
Dodge: Dodged            |    20 |    75 |    93 |    84 ||   272
